 Dungeon Crawl Stone Soup version 0.21-a0 (webtiles) character file.

6752 Manul the Cruncher (level 10, 0/90 HPs)
             Began as a Purple Draconian Gladiator on May 20, 2017.
             Slain by a troll (15 damage)
             ... on level 9 of the Dungeon.
             The game lasted 00:18:30 (11350 turns).

Manul the Cruncher (Purple Draconian Gladiator)    Turns: 11350, Time: 00:18:31

Health: 0/90       AC: 12    Str: 18 (19) XL:     10   Next: 75%
Magic:  16/16      EV: 18    Int:  9      God:
Gold:   279        SH:  0    Dex: 15      Spells: 14/17 levels left

rFire    . . .     SeeInvis .   s - +2 quarterstaff (chaos)
rCold    . . .     Gourm    .   (shield currently unavailable)
rNeg     . . .     Faith    .   (armour unavailable)
rPois    +         Spirit   .   b - +1 hat
rElec    .         Reflect  .   i - +2 cloak {+Inv}
rCorr    .         Harm     .   m - +0 pair of gloves
MR       +....     Clarity  +   (no boots)
Stlth    +.........             (no amulet)
Regen    0.3/turn               (no ring)
MPRegen  0.2/turn               (no ring)

@: drained
A: breathe power, unfitting armour, antennae 1, big wings, stinger 2, clarity,
deterioration 1, poison resistance, strong 1, cold-blooded, AC +7
a: Breathe Dispelling Energy, Fly, Evoke Invisibility


You were on level 9 of the Dungeon.
You were not hungry.

You visited 2 branches of the dungeon, and saw 10 of its levels.

You collected 403 gold pieces.
You spent 124 gold pieces at shops.

Inventory:

Hand Weapons
 r - a +1 spear of protection
 s - a +2 quarterstaff of chaos (weapon)
 y - a +0 quarterstaff of draining
 C - the +7 dagger of Othreq {drain, rF+}
   (You took it off a centaur on level 6 of the Dungeon)

   A truly terrible weapon, it drains the life of those it strikes.
   It protects you from fire.
Missiles
 c - 3 throwing nets (quivered)
 h - 3 javelins of penetration
 k - 8 poisoned javelins
Armour
 b - a +1 hat (worn)
 i - a +2 cloak of invisibility (worn)
 m - a +0 pair of gloves (worn)
Wands
 a - a wand of paralysis (4/24)
 l - a wand of confusion (21/48)
 o - a wand of random effects (26/48)
 v - a wand of iceblast (12/15)
Scrolls
 e - 5 scrolls of remove curse
 f - 2 scrolls of enchant armour
 p - 2 scrolls of teleportation
 t - 3 scrolls of blinking
 B - a scroll of identify
Potions
 g - 3 potions of magic
 q - 3 potions of brilliance
 A - a potion of invisibility {unknown}
 D - a potion of heal wounds
 E - a potion of degeneration {unknown}
 F - a potion of haste {unknown}
 G - a potion of lignification
Books
 w - a book of Necromancy

   Spells                             Type                      Level
   a - Pain                           Necromancy                   1
   b - Animate Skeleton               Necromancy                   1
   c - Vampiric Draining              Necromancy                   3
   d - Regeneration                   Charms/Necromancy            3
   e - Animate Dead                   Necromancy                   4
   f - Control Undead                 Necromancy                   4
 x - a book of Changes

   Spells                             Type                      Level
   a - Beastly Appendage              Transmutation                1
   b - Sticks to Snakes               Transmutation                2
   c - Spider Form                    Transmutation/Poison         3
   d - Ice Form                       Ice/Transmutation            4
   e - Blade Hands                    Transmutation                5
Comestibles
 d - 5 bread rations
 j - 11 fruits
 n - 6 royal jellies
 u - 3 meat rations


   Skills:
 + Level 8.4(8.2) Fighting
 + Level 9.1(8.9) Staves
 - Level 1.9(1.7) Throwing
 + Level 8.6(8.4) Dodging
 + Level 4.4(4.2) Spellcasting
 * Level 4.5(4.3) Necromancy
 - Level 5.4(5.2) Evocations


You had 14 spell levels left.
You knew the following spells:

 Your Spells              Type           Power        Failure   Level  Hunger
a - Regeneration          Chrm/Necr      #.........   32%         3    ###....


Dungeon Overview and Level Annotations

Branches:
Dungeon (9/15)             Temple (1/1) D:5
   Lair: D:8-11         Orc: D:9-12

Altars:
Ashenzari
Dithmenos
Elyvilon
Fedhas
Hepliaklqana
Okawaru
Qazlal
Ru
Sif Muna
Xom

Shops:
D:8 }?*

Annotations:
D:5 Toogi's ghost, novice DEIE
D:8 Kriby's ghost, novice OpWz


Innate Abilities, Weirdness & Mutations

You can breathe bolts of dispelling energy.
Your rich purple scales are hard. (AC +7)
You cannot fit into any form of body armour.
You are cold-blooded and may be slowed by cold attacks.
You have a pair of small antennae on your head.
Your large and strong wings let you fly indefinitely.
Your tail ends in a sharp poisonous barb.
You possess an exceptional clarity of mind.
Your body sometimes deteriorates upon taking damage.
Your system is resistant to poisons. (rPois)
Your muscles are strong. (Str +2)


Message History

The troll barely misses you. The troll claws you! The troll closely misses you.
The troll bites you. The troll claws you but does no damage.
The troll misses you.
Things that are here:
a hound corpse x2
You are too injured to fight recklessly!
You are too injured to fight recklessly!
You are too injured to fight recklessly!
You are too injured to fight recklessly!
You are too injured to fight recklessly!
You are too injured to fight recklessly!
You are too injured to fight recklessly!
The troll misses you. The troll completely misses you.
The troll barely misses you. The troll bites you. The troll claws you!
* * * LOW HITPOINT WARNING * * *
The troll claws you.
* * * LOW HITPOINT WARNING * * *
The troll bites you!
You die...

............# #....#
#.$†....# #....#
#.#.###.######....##
#†#<#......'......
#.#)########....##
#.#.............#
#.##########.####
#T# #.# #@# #.# #.#
#.# #.# #.# #.# #.#
#.. .# ###


You could see a troll.

Vanquished Creatures
  Gastronok (D:8)
  A two-headed ogre (D:8)
  Pikel (D:6)
  Joseph (D:8)
  Psyche (D:9)
  2 ice beasts
  2 orc warriors (D:7)
  4 sky beasts
  A black bear (D:7)
  A slave (D:6)
  3 ogres
  2 phantoms
  A wolf (D:9)
  3 centaurs
  3 bullfrogs
  A scorpion (D:7)
  5 killer bees (D:7)
  A wight (D:5)
  5 crimson imps
  A bullfrog zombie (D:5)
  4 orc priests
  6 orc wizards
  A gnoll shaman (D:4)
  6 hounds
  2 jellies
  2 bullfrog skeletons
  Crazy Yiuf (D:7)
  Jessica (D:3)
  2 centaur skeletons
  An iguana (D:6)
  3 worker ants
  Terence (D:2)
  12 gnolls
  10 adders
  2 shadow imps (D:7)
  2 oozes
  An adder skeleton (D:4)
  3 worms
  4 dart slugs
  5 leopard geckos
  18 orcs
  2 ball pythons
  9 giant cockroaches
  13 goblins
  5 hobgoblins
  7 jackals
  7 kobolds
  2 quokkas
  10 bats
  7 frilled lizards
  A leopard gecko skeleton (D:4)
  9 rats
199 creatures vanquished.

Vanquished Creatures (others)
  A slave (D:7)
  A bullfrog (D:7)
  A bullfrog zombie (D:7)
  2 adder zombies (D:7)
  An orc (D:7)
6 creatures vanquished.

Grand Total: 205 creatures vanquished

Notes
Turn   | Place    | Note
-------+----------+-------------------------------------------
     0 | D:1      | Manul the Draconian Gladiator began the quest for the Orb.
     0 | D:1      | Reached XP level 1. HP: 17/17 MP: 1/1
    67 | D:1      | Reached XP level 2. HP: 16/24 MP: 2/2
   865 | D:2      | Reached XP level 3. HP: 11/29 MP: 3/3
  1395 | D:2      | Noticed Terence
  1409 | D:2      | Killed Terence
  1409 | D:2      | Reached skill level 1 in Evocations
  1409 | D:2      | Reached XP level 4. HP: 32/37 MP: 4/4
  1420 | D:2      | Found an iron altar of Okawaru.
  1483 | D:2      | Noticed Jessica
  1721 | D:2      | Found a deep blue altar of Sif Muna.
  1896 | D:2      | Reached skill level 4 in Staves
  2090 | D:3      | Killed Jessica
  2104 | D:2      | Reached XP level 5. HP: 18/45 MP: 3/6
  2899 | D:3      | Noticed an ogre
  2915 | D:3      | Killed an ogre
  2915 | D:3      | Reached XP level 6. HP: 38/51 MP: 7/7
  3375 | D:4      | Reached skill level 5 in Staves
  4134 | D:4      | Your scales start taking on a rich purple colour.
  4134 | D:4      | Reached XP level 7. HP: 29/58 MP: 9/9
  4139 | D:4      | Learned a level 3 spell: Regeneration
  4648 | D:5      | Entered Level 5 of the Dungeon
  4679 | D:5      | Reached skill level 1 in Spellcasting
  5204 | D:5      | Noticed Toogi's ghost (novice DEIE)
  5205 | D:5      | Found a staircase to the Ecumenical Temple.
  5212 | D:5      | Gained mutation: You tend to lose your temper in combat. [potion of mutation]
  5212 | D:5      | Gained mutation: Your large and strong wings let you fly indefinitely. [potion of mutation]
  5514 | D:5      | Reached skill level 6 in Staves
  5868 | Temple   | Entered the Ecumenical Temple
  6110 | D:5      | Found a white marble altar of Elyvilon.
  6111 | D:5      | Found a shimmering altar of Xom.
  6221 | D:6      | Reached XP level 8. HP: 17/66 MP: 11/11
  6665 | D:6      | Found a stormy altar of Qazlal.
  6850 | D:6      | Reached skill level 5 in Dodging
  7257 | D:6      | Reached skill level 7 in Staves
  7264 | D:6      | Got an uncursed polished dagger {drain}
  7265 | D:6      | Identified the +7 dagger of Othreq {drain, rF+} (You took it off a centaur on level 6 of the Dungeon)
  7335 | D:6      | HP: 1/67 [gnoll/flail (7)]
  7805 | D:6      | Gained mutation: Your tail ends in a poisonous barb. [mutagenic meat]
  7926 | D:7      | Gained mutation: Your body sometimes deteriorates upon taking damage. [mutagenic meat]
  7927 | D:7      | Gained mutation: Your spells are a little easier to cast, but a little less powerful. [mutagenic meat]
  7928 | D:7      | Gained mutation: Your tail ends in a sharp poisonous barb. [mutagenic meat]
  8235 | D:7      | Noticed Pikel
  8249 | D:6      | Reached skill level 5 in Fighting
  8304 | D:6      | Killed Pikel
  8304 | D:6      | Reached skill level 5 in Evocations
  8304 | D:6      | Reached XP level 9. HP: 55/74 MP: 13/15
  8677 | D:7      | Found a shadowy altar of Dithmenos.
  8912 | D:7      | Found a runed door.
  9047 | D:7      | Reached skill level 1 in Necromancy
  9383 | D:7      | Gained mutation: Your body often deteriorates upon taking damage. [mutagenic meat]
  9385 | D:7      | Gained mutation: You are frail. (-10% HP) [mutagenic meat]
  9386 | D:7      | Lost mutation: You tend to lose your temper in combat. [mutagenic meat]
  9388 | D:7      | Lost mutation: Your body often deteriorates upon taking damage. [mutagenic meat]
  9466 | D:7      | Lost mutation: You are frail. (-10% HP) [potion of mutation]
  9466 | D:7      | Lost mutation: Your tail ends in a sharp poisonous barb. [potion of mutation]
  9466 | D:7      | Lost mutation: Your spells are a little easier to cast, but a little less powerful. [potion of mutation]
  9466 | D:7      | Gained mutation: You have a pair of small antennae on your head. [potion of mutation]
  9466 | D:7      | Gained mutation: Your tail ends in a sharp poisonous barb. [potion of mutation]
  9466 | D:7      | Gained mutation: Your system is resistant to poisons. (rPois) [potion of mutation]
  9466 | D:7      | Gained mutation: Your muscles are strong. (Str +2) [potion of mutation]
  9616 | D:7      | Noticed Crazy Yiuf
  9633 | D:7      | Killed Crazy Yiuf
  9642 | D:7      | Got a dazzling mace
  9643 | D:7      | Identified the cursed +1 mace of Ale Niosaru {antimagic, rC++ MR+} (You found it on level 7 of the Dungeon)
 10230 | D:8      | Gained mutation: You possess an exceptional clarity of mind. [mutagenic meat]
 10252 | D:8      | Found Estel's Gadget Emporium.
 10266 | D:8      | Noticed Kriby's ghost (novice OpWz)
 10355 | D:8      | Noticed a two-headed ogre
 10452 | D:8      | Found Tiang's Assorted Antiques.
 10479 | D:8      | Bought a potion of heal wounds for 85 gold pieces
 10574 | D:8      | Killed a two-headed ogre
 10574 | D:8      | Reached XP level 10. HP: 55/86 MP: 16/16
 10889 | D:8      | Found Nore's Magic Scroll Boutique.
 10910 | D:8      | Bought a scroll of teleportation for 39 gold pieces
 10965 | D:8      | Noticed Gastronok
 10990 | D:8      | Killed Gastronok
 10990 | D:8      | Reached skill level 8 in Staves
 11069 | D:8      | Noticed Joseph
 11083 | D:8      | Killed Joseph
 11251 | D:8      | Noticed Psyche
 11261 | D:9      | Killed Psyche
 11261 | D:9      | Reached skill level 9 in Staves
 11350 | D:9      | Slain by a troll

Vault maps used:
D:1:      evilmike_arrival_run_for_it, minmay_heptomino_d4
D:2:      lemuel_doored_altar, nicolae_overflow_crystal_walls, uniq_jessica,
          uniq_terence
D:3:      first_bread, minmay_ogre_servants
D:5:      gammafunk_temple_overflow_statue,
          minmay_temple_entry_statues_fountains
D:6:      nicolae_qazlal_general_emergency
D:7:      kennysheep_mini, kennysheep_generic_room_8, uniq_crazy_yiuf_cottage,
          uniq_pikel
D:8:      serial_shops, nicolae_shop_crystal, shop, nicolae_shop_waterfront,
          uniq_gastronok, uniq_psyche, uniq_joseph, uniq_erica
D:9:      erik_lair_island, uniq_maurice
Temple:   eino_temple_scatter_basement

Skill      XL: |  1  2  3  4  5  6  7  8  9 10 |
---------------+-------------------------------+-----
Dodging        | 3 4 6 8 |  8.6
Evocations     | 1 2 3 5 |  5.4
Staves         | 4 5 6 7 9 |  9.1
Fighting       | 3 4 5 7 8 |  8.4
Spellcasting   | 2 4 |  4.4
Necromancy     | 3 4 |  4.5
Throwing       | |  1.9

Action                   |  1- 3 |  4- 6 |  7- 9 | 10-12 || total
-------------------------+-------+-------+-------+-------++-------
Melee: Quarterstaff      |   122 |   263 |   124 |    74 ||   583
       Tailslap          |    11 |    30 |    66 |    16 ||   123
       Spear             |       |       |   375 |       ||   375
Throw: Throwing net      |       |       |     1 |       ||     1
 Abil: Evoke Invisibilit |       |     1 |       |       ||     1
       Breathe Dispellin |       |       |     6 |       ||     6
Evoke: Wand              |       |     5 |     6 |       ||    11
  Use: Potion            |     2 |     1 |     4 |       ||     7
       Scroll            |     1 |     3 |    10 |     2 ||    16
 Stab: Sleeping          |     2 |     2 |     8 |       ||    12
       Paralysed         |       |       |     4 |     2 ||     6
       Invisible         |       |       |     2 |       ||     2
  Eat: Chunk             |     2 |     9 |    25 |     1 ||    37
       Bread ration      |       |       |     2 |     1 ||     3
Armor: Skin              |    48 |    93 |   107 |    17 ||   265
Dodge: Dodged            |   105 |   177 |   292 |    57 ||   631
